 Dungeon Crawl Stone Soup version 0.15.2 (webtiles) character file.

3 glosham the Chucker (level 1, -1/20 HPs)
             Began as an Ogre Arcane Marksman on Apr 1, 2017.
             Slain by a giant gecko (4 damage)
             ... on Level 1 of the Dungeon.
             The game lasted 00:02:09 (61 turns).

glosham the Chucker (Ogre Arcane Marksman)            Turns: 61, Time: 00:02:09

HP  -1/20        AC  3     Str 15      XL: 1   Next: 50%
MP   2/2         EV 10     Int 12      God:
Gold 22          SH  0     Dex  9      Spells:  1 memorised,  1 level left

rFire  . . .     SeeInvis .     a - +0 dagger
rCold  . . .     Clarity  .     g - +0 robe
rNeg   . . .     rCorr    .     (shield restricted)
rPois  .         rRot     .     (helmet restricted)
rElec  .         Spirit   .     (no cloak)
SustAb .         Warding  .     (gloves unavailable)
rMut   .         Stasis   .     (boots unavailable)
Gourm  .                        (no amulet)
MR     .....                    (no ring)
                                (no ring)

@: not resistant to hostile enchantments, very unstealthy
A: unfitting armour, tough skin 1
a: no special abilities


You were on level 1 of the Dungeon.
You were not hungry.

You visited 1 branch of the dungeon, and saw 1 of its levels.

You collected 22 gold pieces.

Inventory:

Hand weapons
 a - a +0 dagger (weapon)
Missiles
 b - 2 large rocks
 c - 2 throwing nets
 e - 21 stones (quivered)
Armour
 g - a +0 robe (worn)
Comestibles
 f - a meat ration
Books
 d - a book of Debilitation

   Spells                             Type                      Level
   *Corona                            Hexes                        1
   Slow                               Hexes                        2
   Inner Flame                        Hexes/Fire                   3
   Enslavement                        Hexes                        4
   Cause Fear                         Hexes                        4
   Leda's Liquefaction                Hexes/Earth                  4


   Skills:
 * Level 1.7 Fighting
 * Level 2.4 Throwing
 - Level 1.7 Dodging
 - Level 1.2 Spellcasting
 - Level 2.1 Hexes


You had one spell level left.
You knew the following spells:

 Your Spells              Type           Power        Failure   Level  Hunger
c - Corona                Hex            #......      14%         1    ##.....


Dungeon Overview and Level Annotations

Branches:
Dungeon (1/15)

Altars:


Innate Abilities, Weirdness & Mutations

You are too large for most types of armour.
You have tough skin (AC +1).


Message History

Press: ? - help, Shift-Dir - straight line, f/p - giant gecko
Aim: a giant gecko (clinging)
You throw a stone. The stone hits the goblin.
The goblin is almost dead.
The goblin hits you.
* * * LOW HITPOINT WARNING * * *
Throwing (i - inventory. (,) - cycle):
e - 25 stones (quivered)
Press: ? - help, Shift-Dir - straight line, f/p - giant gecko
Aim: a giant gecko (clinging)
You throw a stone. The stone hits the goblin.
You kill the goblin!
Throwing (i - inventory. (,) - cycle):
e - 24 stones (quivered)
Press: ? - help, Shift-Dir - straight line, f/p - giant gecko
Aim: a giant gecko You throw a stone.
The stone misses the giant gecko.
Throwing (i - inventory. (,) - cycle):
e - 23 stones (quivered)
Press: ? - help, Shift-Dir - straight line, f/p - giant gecko
Aim: a giant gecko You throw a stone.
The stone barely misses the giant gecko.
Throwing (i - inventory. (,) - cycle):
b - 4 large rocks
Press: ? - help, Shift-Dir - straight line, f/p - giant gecko
Aim: a giant gecko (clinging)
You throw a large rock.
The large rock barely misses the giant gecko.
The giant gecko bites you but does no damage.
Throwing (i - inventory. (,) - cycle):
b - 3 large rocks (quivered)
Press: ? - help, Shift-Dir - straight line, f/p - giant gecko
Aim: a giant gecko (clinging)
You throw a large rock. The large rock hits the giant gecko!
The giant gecko is almost dead.
The giant gecko closely misses you.
Throwing (i - inventory. (,) - cycle):
e - 22 stones
Press: ? - help, Shift-Dir - straight line, f/p - giant gecko
Aim: a giant gecko (almost dead, clinging)
You throw a stone.
The stone hits the giant gecko but does no damage.
The giant gecko is almost dead.
The giant gecko bites you.
You die...

...♣♣♣♣♣.♣♣♣♣♣...#....#
♣⌠♣ #...#.##.###.#
♣♣.♣♣♣##......)....#
..............###.##
#..###...###..# #
#..........>..###[#
#.####............# .
#.............
#@.###.....#.# #l>#
#.#...... #(..##.###.#.
.(..##.# .# ..(...!..
##...###.# #.... #
#.)## ..#


You could see a giant gecko.

Vanquished Creatures
  2 goblins (D:1)
  A kobold (D:1)
3 creatures vanquished.

Notes
Turn   | Place    | Note
--------------------------------------------------------------
     0 | D:1      | glosham, the Ogre Arcane Marksman, began the quest for the Orb.
     0 | D:1      | Reached XP level 1. HP: 19/19 MP: 2/2
    61 | D:1      | Slain by a giant gecko

Action                   || total
-------------------------++-------
Melee: Dagger            ||    13
Throw: Stone             ||     8
       Large rock        ||     2

Table legend:
 A = Turns spent in this place as a percentage of turns spent in the entire game.
 B = Non-inter-level travel turns spent in this place as a percentage of non-inter-level travel turns spent in the entire game.
 C = Inter-level travel turns spent in this place as a percentage of turns spent in this place.
 D = Turns resting spent in this place as a percentage of non-inter-level travel turns spent in this place.
 E = Turns spent auto-exploring this place as a percentage of non-inter-level travel turns spent in this place.
 F = Non-inter-level travel turns spent in this place divided by the number of levels of this place that you've seen.
                   A       B       C       D       E      F
               +-------+-------+-------+-------+-------+----------------------
         Total | 100.0 | 100.0 |   0.0 |   0.0 |   0.0 |  65.0
       Dungeon | 100.0 | 100.0 |   0.0 |   0.0 |   0.0 |  65.0
               +-------+-------+-------+-------+-------+----------------------

Table legend:
 A = Kills in this place as a percentage of kills in entire the game.
 B = Kills by you in this place as a percentage of kills by you in the entire game.
 C = Kills by friends in this place as a percentage of kills by friends in the entire game.
 D = Other kills in this place as a percentage of other kills in the entire game.
 E = Experience gained in this place as a percentage of experience gained in the entire game.
 F = Experience gained in this place divided by the number of levels of this place that you have seen.
                   A       B       C       D       E      F
               +-------+-------+-------+-------+-------+----------------------
         Total | 100.0 | 100.0 |  -nan |  -nan | 100.0 |   5.0
       Dungeon | 100.0 | 100.0 |  -nan |  -nan | 100.0 |   5.0
               +-------+-------+-------+-------+-------+----------------------

Vault maps used:
D:1:      scummos_arrival_forest
